 Dungeon Crawl Stone Soup version 0.28.0-53-g5a82cb258f (webtiles) character file.

Game seed: 5293684350713913376

48 DildoBatman the Conjurer (level 4, -1/30 HPs)
             Began as a Formicid Conjurer on May 30, 2022.
             Slain by Jessica
             ... wielding a +0 dagger
              (4 damage)
             ... on level 2 of the Dungeon.
             The game lasted 00:03:16 (1300 turns).

DildoBatman the Conjurer (Formicid Conjurer)        Turns: 1300, Time: 00:03:17

Health: -1/30      AC:  2    Str: 12    XL:     4   Next: 0%
Magic:  6/7        EV: 12    Int: 17    God:
Gold:   27         SH:  0    Dex: 11    Spells: 4/7 levels left

rFire   . . .      SeeInvis +   b - +0 hunting sling
rCold   . . .      Faith    .   (no shield)
rNeg    . . .      Spirit   .   d - +0 robe
rPois   .          Reflect  .   (helmet unavailable)
rElec   .          Harm     .   (no cloak)
rCorr   .          Rampage  .   (no gloves)
Will    .....                   (no boots)
Stlth   ++........              (no amulet)
HPRegen 0.10/turn               (no ring)
MPRegen 0.10/turn               (no ring)

@: no status effects
A: permanent stasis, dig shafts and tunnels, antennae 3, four strong arms
a: Dig, Shaft Self


You were on level 2 of the Dungeon.
You visited 1 branch of the dungeon, and saw 2 of its levels.

You collected 27 gold pieces.

Inventory:

Hand Weapons
 a - a +0 dagger
 b - a +0 hunting sling (weapon)
Missiles
 e - 3 poisoned darts
 g - 48 stones (quivered ammo)
 j - 19 arrows
Armour
 d - a +0 robe (worn)
Jewellery
 c - a ring of fire
Scrolls
 f - a scroll of teleportation {unknown}
 h - a scroll of immolation {unknown}
 k - a scroll of identify {unknown}
Potions
 i - a potion of curing {unknown}


   Skills:
 - Level 1.7 Dodging
 - Level 2.4 Stealth
 - Level 2.1 Spellcasting
 * Level 4.8 Conjurations


You had 4 spell levels left.
You knew the following spells:

 Your Spells              Type           Power      Damage    Failure   Level
a - Searing Ray           Conj           36%        2d5       4%          2
c - Magic Dart            Conj           72%        1d6       2%          1

Your spell library contained the following spells:

 Spells                   Type           Power      Damage    Failure   Level
 Dazzling Flash           Conj/Hex       20%        N/A       22%         3
 Fulminant Prism          Conj/Hex       5%         3d7       56%         4
 Iskenderun's Mystic Bla  Conj/Tloc      10%        2d4       56%         4


Dungeon Overview and Level Annotations

Branches:
Dungeon (2/15)

Altars:

Annotations:
D:2 Jessica


Innate Abilities, Weirdness & Mutations

You cannot be hasted, slowed, berserked, paralysed or teleported.
You can dig through walls and to a lower floor.
You have a pair of large antennae on your head. (SInv)
Your four strong arms can wield two-handed weapons with a shield.


Message History

The hobgoblin hits you. Jessica hits you with a +0 dagger.
What are your orders? t - Shout!
Orders for allies: a - Attack new target. r - Retreat! s - Stop attacking. g - Guard the area. f - Follow me.
Anything else - Cancel.
You shout for attention!
The hobgoblin hits you. Jessica misses you. What are your orders? t - Shout!
Orders for allies: a - Attack new target. r - Retreat! s - Stop attacking. g - Guard the area. f - Follow me.
Anything else - Cancel.
You shout for attention!
The hobgoblin hits you. Jessica hits you with a +0 dagger.
What are your orders? t - Shout!
Orders for allies: a - Attack new target. r - Retreat! s - Stop attacking. g - Guard the area. f - Follow me.
Anything else - Cancel.
You shout for attention!
The hobgoblin hits you but does no damage.
Jessica grins evilly.
Jessica barely misses you. What are your orders? t - Shout!
Orders for allies: a - Attack new target. r - Retreat! s - Stop attacking. g - Guard the area. f - Follow me.
Anything else - Cancel.
You shout for attention!
The hobgoblin hits you. Jessica hits you with a +0 dagger.
You die...

##..##.###.##.#####.# ...
##..##...........##.###.###
#...##..##..........#......
{
##.###..##.#..##.###.....(#
#.......#.....##.# ##...#.#
#######.#..#.###.# #...#
#.#..#.###.# #......
#...@...†..# #..####
##..@####### #h.. #..g#
#@### #...# .h.
#####...###### #.#
.............##
.......<.......
..(....>.....#.
###.#...#.#### #.#...#.#


You could see Jessica and a hobgoblin.

Vanquished Creatures
  A dart slug (D:1)
  2 ball pythons (D:1)
  6 endoplasms
  2 giant cockroaches (D:1)
  A goblin (D:1)
  3 hobgoblins
  7 jackals
  A quokka (D:1)
  3 bats (D:1)
  7 frilled lizards
  5 kobolds (D:1)
  4 rats (D:1)
42 creatures vanquished.

Notes
Turn   | Place    | Note
-------+----------+-------------------------------------------
     0 | D:1      | DildoBatman the Formicid Conjurer began the quest for the
                  | Orb.
     0 | D:1      | Reached XP level 1. HP: 13/13 MP: 3/3
    51 | D:1      | Found a faded altar of an unknown god.
   181 | D:1      | Reached XP level 2. HP: 16/19 MP: 1/5
   200 | D:1      | Reached skill level 4 in Conjurations
   333 | D:1      | Learned a level 2 spell: Searing Ray
   507 | D:1      | Reached XP level 3. HP: 20/24 MP: 3/6
  1230 | D:2      | Noticed Jessica
  1283 | D:2      | Reached XP level 4. HP: 30/30 MP: 5/7
  1300 | D:2      | Slain by Jessica

Illustrated notes

Levels and vault maps discovered:
D:1:      shiori_shiawase, layout_loops_ring, dreamdust_ecumenical_altar_statues
D:2:      layout_loops_cross, uniq_crazy_yiuf_cottage, uniq_jessica

Skill      XL: |  1  2 |
---------------+-------+-----
Conjurations   | 4 |  4.8
Dodging        | |  1.7
Stealth        | |  2.4
Spellcasting   | |  2.1

Action                   |  1- 3 |  4- 6 || total
-------------------------+-------+-------++-------
Melee: Dagger            |    64 |       ||    64
       Punch             |     1 |       ||     1
 Fire: Hunting sling     |     6 |       ||     6
 Cast: Magic Dart        |    44 |       ||    44
       Searing Ray       |     4 |       ||     4
 Stab: Sleeping          |     5 |       ||     5
Armor: Robe              |    12 |     1 ||    13
Dodge: Dodged            |    48 |     3 ||    51
